AoeStats
← Neitan

Arena

507726096Analyzed
4v4 RM · 14d ago on Sep 19, 2026· 39m 13s· 8 players
Game mode
Random Map
Map size
Large (8 player)
Population
200
Speed
Normal
Resources
Standard
Victory
Conquest
Starting age
Dark Age
Ending age
Imperial Age
RankedLock teamsTeams togetherTeam positionsShared explorationLock speedFull tech treeHidden civsTurbo modeCheats
Victory
Defeat
🇨🇴 Sicilians · Colombia
1204
+17
🇹🇷 Inca · Türkiye
1203
+17
🇦🇷 Slavs · Argentina
1175
+18
🇺🇸 Vietnamese · United States
1165
+18
🇮🇳 Italians · India
1295
-21
🇮🇳 Britons · India
1220
-18
🇯🇵 Bohemians · Japan
1202
-17
🇮🇳 Mongols · India
1145
-14
JANGEL4107
0:27 Loom
30:02 Feudal Age
31:38 Wheelbarrow
34:10 Castle Age
32:36 Double-Bit Axe
32:59 Horse Collar
34:04 Gold Mining
34:19 Stone Mining
36:51 Bow Saw
37:50 Heavy Plow
38:27 Gold Shaft Mining
38:30 Stone Shaft Mining
Kodrokos
11:19 Feudal Age
15:11 Castle Age
13:03 Double-Bit Axe
16:15 Forging
16:11 Horse Collar
18:55 Loom
26:10 Gold Mining
26:33 Bow Saw
26:18 Fletching
28:09 Stone Mining
29:00 Wheelbarrow
28:11 Town Watch
28:34 Bodkin Arrow
30:30 Padded Archer Armor
29:54 Elite Skirmisher
31:56 Thumb Ring
32:17 Ballistics
32:56 Hand Cart
36:08 Imperial Age
35:28 Chatras
34:51 Crossbowman
35:20 Treadmill Crane
36:17 Husbandry
36:27 Bloodlines
36:39 Elite Battle Elephant
37:42 Scale Barding Armor
38:13 Iron Casting
37:16 Imperial Skirmisher
39:01 Bracer
38:35 Pikeman
39:15 Squires
Neitan
11:35 Feudal Age
15:13 Castle Age
14:27 Double-Bit Axe
19:30 Horse Collar
20:41 Wheelbarrow
23:33 Heavy Plow
23:45 Bow Saw
23:27 Loom
25:32 Gold Mining
26:21 Scale Barding Armor
27:24 Forging
30:30 Imperial Age
28:07 Town Watch
28:39 Hand Cart
31:42 Chain Barding Armor
30:58 Elite Boyar
32:40 Conscription
32:59 Detinets
33:57 Plate Barding Armor
34:00 Iron Casting
34:07 Coinage
35:03 Scale Mail Armor
34:32 Capped Ram
36:11 Siege Ram
36:49 Heavy Scorpion
39:18 Blast Furnace
38:33 Chain Mail Armor
37:54 Man-at-Arms
38:26 Long Swordsman
39:08 Squires
sweetyboy
10:00 Feudal Age
14:47 Castle Age
15:44 Horse Collar
16:48 Double-Bit Axe
17:03 Heavy Plow
25:17 Bow Saw
30:54 Imperial Age
29:07 Thumb Ring
29:00 Fletching
29:11 Padded Archer Armor
29:35 Forging
29:25 Scale Mail Armor
29:35 Forging
29:26 Scale Mail Armor
29:49 Gold Mining
31:44 Iron Casting
31:24 Chain Mail Armor
31:14 Squires
31:27 Capped Ram
34:05 Wheelbarrow
33:30 Stone Mining
34:13 Crop Rotation
34:18 Gold Shaft Mining
34:47 Blast Furnace
34:17 Plate Mail Armor
33:14 Siege Ram
34:47 Fabric Shields
35:06 Elite Kamayuk
36:07 Conscription
Fujiwara
10:24 Feudal Age
15:52 Castle Age
15:24 Double-Bit Axe
22:12 Loom
23:27 Bow Saw
22:59 Horse Collar
25:31 Wheelbarrow
25:22 Heavy Plow
27:20 Hand Cart
28:57 Sanctity
28:48 Fervor
35:00 Imperial Age
32:44 Forging
32:34 Scale Mail Armor
32:57 Pikeman
33:38 Squires
33:23 Arson
34:15 Iron Casting
34:29 Chain Mail Armor
34:05 Fletching
36:41 Chemistry
36:01 Ballistics
35:39 Murder Holes
35:54 Fortified Wall
35:11 Halberdier
37:17 Two-Man Saw
37:27 Blast Furnace
36:58 Plate Mail Armor
37:12 Bodkin Arrow
37:08 Elite Hussite Wagon
37:55 Wagenburg Tactics
38:14 Conscription
Sandeep_D_Cranky
11:23 Feudal Age
15:06 Loom
ravish.ratnam
11:19 Feudal Age
15:28 Castle Age
15:33 Double-Bit Axe
18:22 Town Watch
20:29 Fletching
22:51 Ballistics
25:19 Bodkin Arrow
28:05 Padded Archer Armor
28:52 Yeomen
29:34 Leather Archer Armor
35:53 Imperial Age
34:14 Horse Collar
34:57 Bow Saw
35:54 Town Patrol
36:46 Bracer
DrGameHer
11:40 Feudal Age
16:31 Castle Age
16:46 Double-Bit Axe
16:56 Gold Mining
16:49 Horse Collar
19:10 Loom
24:30 Heavy Plow
26:49 Bloodlines
36:05 Imperial Age
37:38 Pikeman
38:21 Scale Mail Armor
38:31 Forging
38:44 Bow Saw
Connection lost

Rejoining the realm…

Still unreachable

The connection could not be restored.

Session expired

The server has moved on; the page needs a fresh start.